 Dungeon Crawl Stone Soup version 0.16-a0-3807-g3748f16 (webtiles) character file.

26219 Kalaidos the Cleaver (level 13, -6/116 HPs)
             Began as a Hill Orc Fighter on Jan 24, 2015.
             Was the Champion of Trog.
             Mangled by a vampire mosquito (7 damage)
             ... while paralysed by a hornet
             ... on level 6 of the Lair of Beasts on Jan 28, 2015.
             The game lasted 04:42:53 (22941 turns).

Kalaidos the Cleaver (Hill Orc Fighter)            Turns: 22941, Time: 04:42:54

Health: -6/116     AC: 20    Str: 22    XL:     13   Next: 24%
Magic:  11/13      EV:  2    Int:  8    God:    Trog [******]
Gold:   510        SH:  0    Dex: 12    Spells: 0 memorised, 12 levels left

rFire  . . .     SeeInvis .     E - +4 executioner's axe (flame)
rCold  . . .     Clarity  .     O - +1 plate armour
rNeg   . . .     SustAb   .     (no shield)
rPois  .         Gourm    .     J - +0 helmet
rElec  .         Spirit   .     g - +0 cloak
rCorr  .         Warding  .     i - +0 pair of gloves
rMut   +         Stasis   .     (no boots)
MR     ++...                    B - amulet of resist mutation
Stlth  ..........               j - ring of protection from magic
                                b - ring of protection from magic

@: paralysed, lethally poisoned, slowed, very resistant to hostile enchantments,
extremely unstealthy
A: no striking features
a: Burn Spellbooks, Berserk, Trog's Hand, Brothers in Arms, Renounce Religion


You were on level 6 of the Lair of Beasts.
You worshipped Trog.
Trog was exalted by your worship.
You were not hungry.

You visited 5 branches of the dungeon, and saw 19 of its levels.
You also visited: Volcano.

You collected 956 gold pieces.
You spent 446 gold pieces at shops.

Inventory:

Hand weapons
 E - a +4 executioner's axe of flaming (weapon)
 P - a +2 vampiric broad axe
Missiles
 q - 351 stones
 r - 7 tomahawks of returning
 s - 3 throwing nets
 x - 208 arrows
 N - 3 poisoned javelins
 V - 6 javelins of returning
 W - 7 javelins of penetration (quivered)
Armour
 a - a +1 leather armour of fire resistance
 c - a +0 shield
 g - a +0 cloak (worn)
 i - a +0 pair of gloves (worn)
 J - a +0 helmet (worn)
 O - a +1 plate armour (worn)
 T - a +2 buckler of fire resistance
Jewellery
 b - a ring of protection from magic (left hand)
 j - a ring of protection from magic (right hand)
 B - an amulet of resist mutation (around neck)
Magical devices
 f - a wand of magic darts (11)
 t - a wand of magic darts (33)
 w - a wand of teleportation (4)
 L - a wand of magic darts (31)
 Q - a wand of digging (15)
 R - a wand of fireball (1)
Scrolls
 l - a scroll of teleportation
 m - a scroll of blinking
 u - a scroll of fear
 z - a scroll of silence
 F - 6 scrolls of remove curse
 G - 3 scrolls of recharging
Potions
 e - 3 potions of might
 h - 3 potions of magic
 k - 7 potions of restore abilities
 n - 2 potions of resistance
 o - 12 potions of curing
 C - 3 potions of cure mutation
 D - a potion of cancellation
 M - a potion of invisibility
 X - a potion of flight
 Z - a potion of brilliance
Books
 H - a book of Ice

   Spells                             Type                      Level
   a - Ice Form                       Ice/Transmutation            4
   b - Metabolic Englaciation         Hexes/Ice                    5
   c - Ozocubu's Refrigeration        Ice                          6
   d - Bolt of Cold                   Conjuration/Ice              6
   e - Freezing Cloud                 Conjuration/Ice/Air          6
   f - Simulacrum                     Ice/Necromancy               6
   Trog disapproves of the use of such an item.
Miscellaneous
 v - a plain deck of wonders {Wild Magic}
 y - a box of beasts
 I - a lamp of fire
 Y - a stone of tremors
Comestibles
 d - 7 meat rations
 p - 7 bread rations
 K - 12 fruits
 S - 2 chunks of flesh


   Skills:
 + Level 11.5 Fighting
 + Level 14.2 Axes
 + Level 4.9 Throwing
 + Level 11.3 Armour
 * Level 7.0 Dodging
 + Level 10.6 Shields


You had 12 spell levels left.
You didn't know any spells.

Dungeon Overview and Level Annotations

Branches:
Dungeon (10/15)            Temple (1/1) D:5            Lair (6/8) D:8
  Swamp (1/5) Lair:6        Snake (1/5) Lair:5
  Slime: Lair:6-8       Orc: D:9-12

Altars:
Ashenzari
Cheibriados
Dithmenos
Elyvilon
Fedhas
Gozag
Kikubaaqudgha
Makhleb
Nemelex Xobeh
Okawaru
Qazlal
Ru
Sif Muna
Trog
Vehumet
Xom
Yredelemnul
Zin
The Shining One

Shops:
D:4 (   D:8 =

Annotations:
D:3 Monkaria's ghost, average DsIE
D:9 Tarquin's ghost, powerful KoAs
D:10 Skiberibeda's ghost, experienced MiBe
Lair:2 Nergalle


Message History

You slice the vampire mosquito!! You burn the vampire mosquito.
You destroy the vampire mosquito!
Your plate armour prevents you from hitting the adder.
The adder is heavily wounded.
You closely miss the hornet.
The hornet is lightly wounded.
* * * LOW HITPOINT WARNING * * *
You feel extremely sick.
The vampire mosquito closely misses you.
The hornet stings you!
* * * LOW HITPOINT WARNING * * *
You are more poisoned.
You suddenly lose the ability to move!
The vampire mosquito bites you.
* * * LOW HITPOINT WARNING * * *
The vampire mosquito draws strength from your injuries!
The adder bites you but does no damage. The hornet stings you!
* * * LOW HITPOINT WARNING * * *
You are more poisoned.
You shrug off the repeated paralysis!
The vampire mosquito bites you!
You die...

.P....### ... ##......#..
....##...........
...................
................P....
.....≈≈≈≈≈♣..........
....♣§§§§♣≈........P..
.........♣≈§y§§§≈≈.........#
...........≈≈≈≈S@y§≈§♣.........
...........♣≈≈≈≈≈≈≈≈♣...........
.........<...♣≈≈≈≈≈♣............
...............≈≈♣♣...".......P.
#....#...............=........#
........................#......
...............P#..............
..............................
.......................^......


You could see a hornet, a vampire mosquito and an adder.

Vanquished Creatures
  2 hydras (Lair:5)
  Harold (Lair:5)
  The ghost of MDvedh the Spry, a powerful SpEn of Ru (Lair:3)
  2 death yaks (Lair:5)
  Erolcha (D:8)
  Pikel (D:6)
  A hill giant (D:8)
  A griffon (Lair:4)
  3 black mambas
  4 komodo dragons
  3 yaktaurs (Volcano)
  5 spiny frogs
  2 fire drakes
  A giant leech (Swamp:1)
  A troll (D:10)
  Grinder (D:5)
  Prince Ribbit (Lair:3)
  6 blink frogs
  A basilisk (Lair:2)
  35 yaks
  A vampire mosquito (Lair:6)
  3 hippogriffs
  A hungry ghost (D:4)
  A deep elf fighter (D:8)
  9 porcupines
  7 water moccasins
  A naga (Lair:5)
  2 necrophages
  3 orc warriors
  4 phantoms
  An ice beast (D:6)
  2 slaves (D:6)
  2 boring beetles
  An ogre (D:4)
  9 crocodiles
  3 centaurs
  Sigmund (D:6)
  2 big kobolds (D:9)
  9 giant frogs
  Blork the orc (D:4)
  A wyvern skeleton (D:10)
  5 killer bees (D:10)
  2 scorpions
  2 electric eels (Lair:4)
  4 goliath beetles
  5 crimson imps
  A giant frog zombie (D:7)
  4 jellies
  A centaur zombie (D:5)
  6 hounds
  A giant frog skeleton (D:6)
  7 orc priests
  2 centaur skeletons
  13 iguanas
  8 orc wizards
  4 hell rats (Lair:4)
  4 worker ants
  A hound zombie (D:6)
  A hound skeleton (D:4)
  A worker ant zombie (D:8)
  Robin (D:4)
  50 river rats
  15 adders
  A giant mite (D:1)
  4 shadow imps
  2 worms (D:3)
  An adder zombie (D:7)
  An adder skeleton (D:5)
  3 giant geckos
  4 oozes
  36 orcs
  4 ball pythons
  23 bats
  A bat zombie (D:8)
  24 goblins
  15 hobgoblins
  27 jackals
  21 kobolds
  6 giant cockroaches
  6 giant newts
  A jackal skeleton (D:7)
  10 quokkas
  A quokka skeleton (D:6)
  26 rats
  A spectral orc (Lair:2)
  10 ballistomycetes
  31 fungi
  28 plants
562 creatures vanquished.

Vanquished Creatures (others)
  A fire vortex (Lair:1)
  A hound (Lair:5)
  A gnoll (D:6)
  3 shadow imps (D:6)
  A jackal (D:6)
  A quokka (D:6)
  3 giant spores
  A ballistomycete (D:6)
  A fungus (D:8)
13 creatures vanquished.

Grand Total: 575 creatures vanquished

Notes
Turn   | Place    | Note
--------------------------------------------------------------
     0 | D:1      | Kalaidos, the Hill Orc Fighter, began the quest for the Orb.
     0 | D:1      | Reached XP level 1. HP: 19/19 MP: 1/1
    28 | D:1      | Reached XP level 2. HP: 18/27 MP: 2/2
    32 | D:1      | Reached skill level 4 in Fighting
   546 | D:1      | Reached XP level 3. HP: 33/33 MP: 3/3
  1513 | D:2      | Reached XP level 4. HP: 27/40 MP: 4/4
  2026 | D:2      | Reached skill level 1 in Dodging
  2679 | D:3      | Reached XP level 5. HP: 46/46 MP: 5/5
  2884 | D:3      | Noticed Monkaria's ghost (average DsIE)
  4793 | D:4      | Got a serpentine lapis lazuli ring
  4795 | D:4      | Identified the ring of Moderation {Wiz Dex+4} (You found it on level 4 of the Dungeon)
  5102 | D:4      | Noticed Blork the orc
  5148 | D:4      | Killed Blork the orc
  5148 | D:4      | Reached XP level 6. HP: 25/53 MP: 6/6
  5393 | D:4      | Noticed a hungry ghost
  5412 | D:4      | Killed a hungry ghost
  5412 | D:4      | Reached skill level 5 in Armour
  5412 | D:4      | Reached skill level 5 in Shields
  5685 | D:4      | Noticed Robin
  5712 | D:4      | Killed Robin
  5712 | D:4      | Reached skill level 5 in Fighting
  5924 | D:4      | Reached skill level 1 in Throwing
  5924 | D:4      | Reached XP level 7. HP: 47/61 MP: 7/7
  6038 | D:4      | Noticed an ogre
  6073 | D:4      | Killed an ogre
  6073 | D:4      | Reached skill level 5 in Axes
  6269 | D:4      | Found Kucaux's Antique Weapon Emporium.
  6276 | D:4      | Bought a glowing broad axe for 96 gold pieces
  6349 | D:5      | Entered Level 5 of the Dungeon
  6880 | D:5      | Found a blossoming altar of Fedhas.
  7005 | D:5      | Noticed Grinder
  7010 | D:5      | Paralysed by Grinder for 5 turns
  7017 | D:5      | Paralysed by Grinder for 6 turns
  7026 | D:5      | Killed Grinder
  7026 | D:5      | Reached skill level 6 in Axes
  7026 | D:5      | Reached XP level 8. HP: 68/70 MP: 8/8
  7060 | D:5      | Found a deep blue altar of Sif Muna.
  7177 | D:5      | Found a bloodstained altar of Trog.
  7188 | D:5      | Became a worshipper of Trog the Wrathful
  7393 | D:5      | Found a staircase to the Ecumenical Temple.
  7405 | Temple   | Entered the Ecumenical Temple
  7616 | Temple   | Upgraded the game from 0.16-a0-3761-g2321f2b to 0.16-a0-3781-g2316936
  8376 | D:6      | Noticed Sigmund
  8412 | D:6      | Killed Sigmund
  8412 | D:6      | Reached skill level 7 in Axes
  8445 | D:6      | Noticed Pikel
  8471 | D:6      | Killed Pikel
  8471 | D:6      | Reached XP level 9. HP: 78/78 MP: 9/9
  8610 | D:6      | Reached skill level 8 in Axes
  8615 | D:6      | Acquired Trog's first power
  9933 | D:7      | Acquired Trog's second power
 10000 | D:7      | Reached skill level 9 in Axes
 11455 | D:8      | Reached XP level 10. HP: 88/88 MP: 10/10
 11534 | D:8      | Noticed a hill giant
 11553 | D:8      | Killed a hill giant
 11553 | D:8      | Reached skill level 10 in Axes
 12224 | D:8      | Found Zonyhopsau's Jewellery Shop.
 12393 | D:8      | Found a staircase to the Lair.
 12545 | D:8      | Bought an uncursed ring of protection from magic for 350 gold pieces
 12599 | D:8      | Noticed Erolcha
 12614 | D:8      | Killed Erolcha
 12724 | Lair:1   | Entered Level 1 of the Lair of Beasts
 12967 | D:9      | Acquired Trog's third power
 13130 | D:9      | Received a gift from Trog
 13424 | D:9      | Found a burning altar of Makhleb.
 13582 | D:9      | Noticed Tarquin's ghost (powerful KoAs)
 13837 | D:10     | Entered Level 10 of the Dungeon
 13852 | D:10     | Reached skill level 11 in Axes
 14602 | D:10     | Noticed Skiberibeda's ghost (experienced MiBe)
 14787 | Lair:1   | Reached XP level 11. HP: 95/95 MP: 11/11
 15308 | Lair:1   | Noticed a four-headed hydra
 15643 | Lair:1   | Received a gift from Trog
 15768 | Lair:2   | Reached skill level 12 in Axes
 15827 | Lair:2   | Upgraded the game from 0.16-a0-3781-g2316936 to 0.16-a0-3807-g3748f16
 15948 | Lair:2   | Reached skill level 5 in Dodging
 16470 | Lair:2   | Noticed Nergalle
 16507 | Lair:2   | Noticed a spectral orc warlord
 17077 | Lair:3   | Reached skill level 10 in Fighting
 17247 | Lair:3   | Reached XP level 12. HP: 89/106 MP: 12/12
 17370 | Lair:3   | Received a gift from Trog
 17726 | Lair:3   | Received a gift from Trog
 17744 | Lair:3   | Noticed Prince Ribbit
 18073 | Lair:3   | Noticed MDvedh's ghost (powerful SpEn)
 18181 | Lair:3   | Killed MDvedh's ghost
 18473 | Lair:3   | Reached skill level 13 in Axes
 18528 | Lair:3   | Killed Prince Ribbit
 18528 | Lair:3   | Reached skill level 10 in Armour
 20462 | Lair:5   | Found a staircase to the Snake Pit.
 20473 | Lair:5   | Reached skill level 10 in Shields
 20568 | Lair:5   | Noticed a death yak
 20568 | Lair:5   | Noticed a death yak
 20593 | Lair:5   | Killed a death yak
 20604 | Lair:5   | Killed a death yak
 20611 | Lair:5   | Received a gift from Trog
 20647 | Lair:5   | Noticed Harold
 20662 | Lair:5   | Killed Harold
 20675 | Lair:5   | Found a dark tunnel.
 20700 | Volcano  | Entered a volcano
 21176 | Lair:5   | Noticed a seven-headed hydra
 21304 | Lair:5   | HP: 1/110 [seven-headed hydra (10)]
 21723 | Lair:5   | Noticed a four-headed hydra
 21802 | Lair:5   | Killed a one-headed hydra
 21802 | Lair:5   | Reached skill level 14 in Axes
 21802 | Lair:5   | Reached XP level 13. HP: 98/116 MP: 13/13
 21802 | Lair:5   | Received a gift from Trog
 21901 | Lair:5   | Killed a two-headed hydra
 22737 | Snake:1  | Entered Level 1 of the Snake Pit
 22853 | Lair:6   | Found a staircase to the Swamp.
 22895 | Swamp:1  | Entered Level 1 of the Swamp
 22941 | Lair:6   | Paralysed by a hornet for 4 turns
 22941 | Lair:6   | HP: 1/116 [hornet (14)]
 22941 | Lair:6   | Mangled by a vampire mosquito

Action                   |  1- 3 |  4- 6 |  7- 9 | 10-12 | 13-15 || total
-------------------------+-------+-------+-------+-------+-------++-------
Melee: War axe           |   124 |   245 |    19 |       |       ||   388
       Broad axe         |       |       |   426 |  1139 |       ||  1565
       Executioner's axe |       |       |       |     4 |    84 ||    88
Throw: Stone             |       |     7 |    31 |    15 |       ||    53
       Tomahawk          |       |    21 |    49 |    60 |       ||   130
       Javelin           |       |       |       |     8 |       ||     8
Invok: Berserk           |       |       |     1 |     1 |       ||     2
       Burn Spellbooks   |       |       |       |     2 |       ||     2
Evoke: Wand              |       |     3 |     2 |     7 |       ||    12
  Use: Scroll            |     2 |     8 |     8 |    18 |     2 ||    38
       Potion            |       |     2 |     1 |     1 |     2 ||     6
  Eat: Chunk             |     2 |    12 |     6 |    21 |     4 ||    45
       Beef jerky        |       |     2 |       |     6 |       ||     8
       Fruit             |       |       |     2 |       |       ||     2
       Pizza             |       |       |     1 |     4 |       ||     5
       Bread ration      |       |       |     1 |       |       ||     1
       Meat ration       |       |       |     2 |       |       ||     2
